 Dungeon Crawl Stone Soup version 0.29.1-2-gbd0b4ee654 (webtiles) character file.

Game seed: 12611942624058481128

1264 Anriel the Shield-Bearer (level 8, -3/48 HPs)
             Began as a Gargoyle Fighter on Oct 28, 2022.
             Was a Follower of Okawaru.
             Slain by an ogre
             ... wielding a +0 giant spiked club
              (22 damage)
             ... on level 5 of the Dungeon.
             The game lasted 00:21:05 (4701 turns).

Anriel the Shield-Bearer (Gargoyle Fighter)         Turns: 4701, Time: 00:21:06

Health: -3/48      AC: 16    Str: 22    XL:     8   Next: 52%
Magic:  8/8        EV:  9    Int:  9    God:    Okawaru [*.....]
Gold:   258        SH: 10    Dex:  9    Spells: 7/7 levels left

rFire   . . .      SeeInvis .   a - +1 flail
rCold   . . .      Faith    .   c - +0 buckler
rNeg    + . .      Spirit   .   b - +0 scale mail
rPois   ∞          Reflect  +   o - +0 helmet
rElec   +          Harm     .   (no cloak)
rCorr   .          Rampage  .   (no gloves)
Will    .....                   v - +1 pair of boots
Stlth   ..........              p - amulet of reflection
HPRegen 0.16/turn               (no ring)
MPRegen 0.11/turn               (no ring)

@: marked
A: sickness immunity, AC +5, negative energy resistance 1, electricity
resistance, torment resistance 1, petrification resistance
a: Renounce Religion, Heroism


You were on level 5 of the Dungeon.
You worshipped Okawaru.
Okawaru was aware of your devotion.
You visited 1 branch of the dungeon, and saw 5 of its levels.
You also visited: Sewer.

You collected 258 gold pieces.

Inventory:

Hand Weapons
 a - a +1 flail (weapon)
Missiles
 n - 8 javelins (quivered)
Armour
 b - a +0 scale mail (worn)
 c - a +0 buckler (worn)
 o - a +0 helmet (worn)
 v - a +1 pair of boots (worn)
Magical Staves
 q - a staff of cold
 B - a staff of fire
Jewellery
 p - an amulet of reflection (around neck)
 t - a ring of fire
 w - a ring of wizardry
Wands
 y - a wand of roots (12)
Scrolls
 i - a scroll of enchant weapon
 s - 3 scrolls of teleportation
 A - a scroll of enchant armour {unknown}
 C - a scroll of amnesia
 D - a scroll of blinking {unknown}
 E - a scroll of fear
 F - a scroll of poison
Potions
 d - 3 potions of flight
 e - 2 potions of attraction {unknown}
 f - 4 potions of lignification
 g - 2 potions of magic {unknown}
 h - 5 potions of degeneration
 j - a potion of ambrosia {unknown}
 k - 3 potions of curing
 l - a potion of resistance
 m - 2 potions of mutation {unknown}
 r - a potion of heal wounds {unknown}
 u - 2 potions of brilliance {unknown}
 x - a potion of cancellation {unknown}
 z - a potion of haste {unknown}
Miscellaneous
 G - a piece from Xom's chessboard (15/15)


   Skills:
 + Level 4.8 Fighting
 + Level 6.0 Maces & Flails
 * Level 5.8 Armour
 - Level 1.0 Dodging
 * Level 6.1 Shields
 * Level 2.8 Evocations


You had 7 spell levels left.
You didn't know any spells.
Your spell library was empty.

Dungeon Overview and Level Annotations

Branches:
Dungeon (5/15)              Sewer (visited)
 Temple: D:4-7

Altars:
Elyvilon
Fedhas
Gozag
Kikubaaqudgha
Makhleb
Nemelex Xobeh
Okawaru
Qazlal
Ru
Trog
Wu Jian


Innate Abilities, Weirdness & Mutations

You are immune to sickness and miasma.
Your stone body is resilient. (AC +5)
You are immune to poison.
You resist negative energy. (rN+)
You are resistant to electric shocks. (rElec)
You are resistant to unholy torment.
You are immune to petrification.


Message History

Found 12 gold pieces.
You now have 258 gold pieces (gained 12).
Found a stone staircase leading up.
There is an open door here.
There is an open door here.
There is a stone staircase leading up here.
Found a stone staircase leading down.
There is a stone staircase leading up here.
A sourceless malevolence fills the Dungeon...
With a horrendous wail, an alarm goes off!
A sentinel's mark forms upon you.
You hear a shout!
You hear an angry hiss.
An ogre comes into view. It is wielding a +0 giant spiked club.
Found a stone staircase leading up.
You hit the ogre.
The ogre is lightly wounded.
You block the ogre's attack.
You hit the ogre.
The ogre is moderately wounded.
You block the ogre's attack.
You barely miss the ogre.
The ogre is moderately wounded.
The ogre hits you with a +0 giant spiked club.
You hit the ogre.
The ogre is heavily wounded.
You hit the ogre.
The ogre is heavily wounded.
The ogre hits you with a +0 giant spiked club!
You barely miss the ogre.
The ogre is heavily wounded.
You block the ogre's attack.
You closely miss the ogre.
The ogre is heavily wounded.
The ogre hits you with a +0 giant spiked club!!
* * * LOW HITPOINT WARNING * * *
You barely miss the ogre.
The ogre is heavily wounded.
You feel better.
The ogre hits you with a +0 giant spiked club!!
You die...

........#.###
.#..###.#.# .#..#<#.#.#
....#...#.. .#......###
.....#.## .....#.#
.......###############.#
................@O...<..
....################....
....### . ......#
......# .#....#
.#....#### .#.....(.#
.#######.#


You could see an ogre.

Vanquished Creatures
  Grinder (D:4)
  Menkaure (D:4)
  An ice beast (D:5)
  A black bear (D:4)
  A kobold brigand (D:4)
  3 necrophages
  A scorpion (D:4)
  2 hounds
  Natasha (thrice) (D:2)
  2 iguanas
  10 adders
  3 gnolls (D:5)
  6 river rats (Sewer)
  A shadow imp (D:5)
  2 ufetubi (D:5)
  3 worms
  A dart slug (D:2)
  An orc (D:5)
  10 bats
  7 endoplasms
  6 giant cockroaches
  6 goblins
  9 hobgoblins
  18 jackals
  4 quokkas
  16 ball pythons
  2 frilled lizards
  4 kobolds
  7 rats
132 creatures vanquished.

Notes
Turn   | Place    | Note
-------+----------+-------------------------------------------
     0 | D:1      | Anriel the Gargoyle Fighter began the quest for the Orb.
     0 | D:1      | Reached XP level 1. HP: 14/14 MP: 1/1
    48 | D:1      | Reached XP level 2. HP: 11/19 MP: 2/2
   166 | D:1      | Reached XP level 3. HP: 12/24 MP: 3/3
  1114 | D:2      | Noticed Natasha
  1129 | D:2      | Killed Natasha
  1130 | D:2      | Reached XP level 4. HP: 21/29 MP: 4/4
  1673 | D:2      | Noticed Natasha
  1677 | D:2      | Killed Natasha
  1713 | D:2      | Noticed Natasha
  1716 | D:2      | Killed Natasha
  1717 | D:2      | Reached XP level 5. HP: 31/33 MP: 5/5
  1732 | D:3      | Found a burning altar of Makhleb.
  1787 | D:3      | Found a glowing drain.
  1819 | Sewer    | Entered a sewer
  2218 | Sewer    | Reached XP level 6. HP: 34/38 MP: 6/6
  2914 | D:3      | Reached skill level 1 in Dodging
  3326 | D:3      | Found an ornate altar of the Wu Jian Council.
  3327 | D:3      | Found an iron altar of Okawaru.
  3332 | D:3      | Found a sparkling altar of Nemelex Xobeh.
  3344 | D:3      | Found a stormy altar of Qazlal.
  3344 | D:3      | Found an ancient bone altar of Kikubaaqudgha.
  3344 | D:3      | Found a sacrificial altar of Ru.
  3345 | D:3      | Found an opulent altar of Gozag.
  3361 | D:3      | Became a worshipper of Warmaster Okawaru
  3442 | D:4      | Reached skill level 1 in Evocations
  3464 | D:4      | Noticed Grinder
  3489 | D:4      | Killed Grinder
  3490 | D:4      | Reached skill level 5 in Armour
  3490 | D:4      | Reached skill level 5 in Shields
  3490 | D:4      | Reached XP level 7. HP: 43/44 MP: 7/7
  3570 | D:4      | Reached * piety under Okawaru
  3571 | D:4      | Reached skill level 5 in Maces & Flails
  3667 | D:4      | Reached XP level 8. HP: 40/48 MP: 8/8
  3963 | D:4      | Noticed Menkaure
  3976 | D:4      | Killed Menkaure
  4222 | D:5      | Entered Level 5 of the Dungeon
  4411 | D:5      | Found a blossoming altar of Fedhas.
  4411 | D:5      | Found a white marble altar of Elyvilon.
  4484 | D:5      | Found a bloodstained altar of Trog.
  4701 | D:5      | Slain by an ogre

Illustrated notes

Levels and vault maps discovered:
D:1:      dpeg_arrival_rooms_c, layout_basic, minmay_split_cup_small
D:2:      layout_basic, uniq_natasha
D:3:      layout_loops_ring, minitemple, mainiacjoe_overflow_tiny_flanked,
          cheibrodos_sewer_entry_drain, kennysheep_generic_room_10
D:4:      layout_cave_pods, uniq_menkaure, uniq_grinder
D:5:      layout_basic, mainiacjoe_overflow_concentric_impassable,
          gammafunk_temple_overflow_statue, hellmonk_bongcloud_opening

Skill      XL: |  1  2  3  4  5  6  7  8 |
---------------+-------------------------+-----
Maces & Flails | 3 4 5 6 |  6.0
Fighting       | 4 |  4.8
Armour         | 4 5 |  5.8
Shields        | 4 5 6 |  6.1
Dodging        | 1 |  1.0
Evocations     | 1 2 |  2.8

Action                   |  1- 3 |  4- 6 |  7- 9 || total
-------------------------+-------+-------+-------++-------
Melee: Flail             |   119 |   212 |   131 ||   462
Evoke: Wand              |       |       |     1 ||     1
  Use: Scroll            |       |     9 |       ||     9
       Potion            |       |     5 |     1 ||     6
Armor: Scale mail        |    72 |   102 |    58 ||   232
Dodge: Dodged            |    66 |    91 |    59 ||   216
Block: Buckler           |    31 |   137 |    82 ||   250
       Reflection        |       |       |     1 ||     1
